 Dungeon Crawl Stone Soup version 0.30-a0-279-g4b46babb21 (webtiles) character file.

Game seed: 9392459248870384826

144076 910rd the Warrior (level 16, -7/157 HPs)
             Began as a Felid Ice Elementalist on Oct 14, 2022.
             Was an Initiate of Gozag.
             Hit by a silver javelin thrown by a minotaur (19 damage)
             ... on level 4 of the Shoals on Oct 16, 2022.
             The game lasted 05:51:08 (72356 turns).

910rd the Warrior (Felid Ice Elementalist)         Turns: 72356, Time: 05:51:08

Health: -7/157     AC: 29    Str:  9    XL:     16   Next: 20%
Magic:  16/33      EV: 26    Int: 35    God:    Gozag
Gold:   3567       SH:  0    Dex: 16    Spells: 1/39 levels left
                                        Lives:  0   Deaths: 2

rFire   . . .      SeeInvis +      - Unarmed
rCold   . . .      Faith    .    (shield unavailable)
rNeg    + . .      Spirit   .    (body armour unavailable)
rPois   ∞          Reflect  .    (helmet unavailable)
rElec   +          Harm     .    (cloak unavailable)
rCorr   .          Rampage  .    (gloves unavailable)
Will    +++..                    (boots unavailable)
Stlth   ..........               U - amulet of magic regeneration
HPRegen 0.46/turn                H - ring "Riytot" {Int+6 SInv}
MPRegen 0.63/turn                p - ring "Fumowkir" {rF- Will+ Str+5 Int+6}

@: berserking (expiring), swift, statue-form, gold aura, very slightly
contaminated, studying Dodging, very quick
A: slow and powerful, torment resistance 1, boosted hp, very small, claws 1,
fangs 3, see invisible, (speed 1), (shaggy fur 3), stealthy paws, no weapons or
thrown items, no armour, multi-lived, horns 2, clumsy 1, fire resistance 1
}: 2/15 runes: barnacled, gossamer
a: End Transformation, Renounce Religion, Potion Petition, Call Merchant, Bribe
Branch


You were on level 4 of the Shoals.
You worshipped Gozag.
Gozag was most pleased with you.
You were a living statue of rough stone.
You visited 6 branches of the dungeon, and saw 31 of its levels.
You also visited: Trove and Gauntlet.

You collected 11629 gold pieces.
You spent 3351 gold pieces at shops.
You paid 4711 gold pieces to Gozag.

Inventory:

Jewellery
 a - a ring of willpower
 g - an amulet of the acrobat
 p - the ring "Fumowkir" (right paw) {rF- Will+ Str+5 Int+6}
   (You found it in a treasure trove)

   [ring of intelligence]

   Str:       It affects your strength (+5).
   Int:       It affects your intelligence (+6).
   rF:        It makes you vulnerable to fire.
   Will:      It increases your willpower.
 q - a +4 ring of evasion
 t - a +4 ring of protection
 u - a +6 ring of dexterity
 v - an amulet of guardian spirit
 x - a ring of magical power
 z - a ring of flight
 C - a +4 ring of protection
 E - a ring of resist corrosion
 H - the ring "Riytot" (left paw) {Int+6 SInv}
   (You found it in a Gauntlet)

   [ring of intelligence]

   Int:       It affects your intelligence (+6).
   SInv:      It lets you see invisible.
 J - the amulet "Xaxete Wemyg" {Faith -Tele rPois Int+7}
   (You found it in a Gauntlet)

   [amulet of faith]

   It allows you to gain divine favour quickly.
   Int:       It affects your intelligence (+7).
   rPois:     It protects you from poison.
   -Tele:     It prevents most forms of teleportation.
 L - a ring of fire
 Q - a ring of protection from cold
 R - a ring of positive energy
 U - an amulet of magic regeneration (around neck)
 Y - a ring of poison resistance
Wands
 e - a wand of light (10)
 D - a wand of flame (38)
 G - a wand of digging (6)
 K - a wand of roots (1)
 O - a wand of polymorph (16)
 P - a wand of paralysis (19)
 Z - a wand of mindburst (4)
Scrolls
 b - 11 scrolls of poison
 c - 2 scrolls of amnesia
 d - 9 scrolls of immolation
 n - 7 scrolls of fog
 r - 6 scrolls of blinking
 s - 2 scrolls of silence
 A - 4 scrolls of teleportation
 I - 2 scrolls of magic mapping
 V - 9 scrolls of identify
 W - 2 scrolls of noise
Potions
 h - a potion of heal wounds
 i - 3 potions of curing
 j - 9 potions of attraction
 k - 7 potions of lignification
 l - 7 potions of flight
 m - 7 potions of ambrosia
 o - 7 potions of mutation
 w - 6 potions of haste
 B - 3 potions of brilliance
 F - a potion of resistance
 T - 3 potions of cancellation
 X - a potion of invisibility
Miscellaneous
 f - a condenser vane
 y - a box of beasts
 M - a phantom mirror
 N - a phial of floods
 S - a lightning rod (4/4)


   Skills:
 - Level 15.0 Fighting
 - Level 14.0 Dodging
 - Level 5.0 Stealth
 - Level 1.9 Unarmed Combat
 - Level 12.0 Spellcasting
 - Level 12.3 Conjurations
 + Level 10.8 Transmutations
 - Level 2.0 Fire Magic
 - Level 10.0 Ice Magic
 - Level 10.0 Air Magic
 - Level 12.3 Earth Magic
 - Level 6.0 Evocations


You had one spell level left.
You knew the following spells:

 Your Spells              Type           Power      Damage    Failure   Level
a - Statue Form           Tmut/Erth      53%        N/A       2%          6
b - Freezing Cloud        Conj/Ice/Air   38%        6-21      1%          5
c - Foxfire               Conj/Fire      100%       2x1d9     1%          1
e - Frozen Ramparts       Ice            100%       1d16      1%          3
f - Stone Arrow           Conj/Erth      100%       3d13      1%          3
g - Freeze                Ice            100%       1d10      1%          1
h - Iron Shot             Conj/Erth      41%        9d8       1%          6
i - Apportation           Tloc           42%        N/A       1%          1
j - Ice Form              Ice/Tmut       76%        N/A       1%          4
k - Irradiate             Conj/Tmut      40%        3d25      1%          5
q - Swiftness             Air            74%        N/A       1%          3

Your spell library contained the following spells:

 Spells                   Type           Power      Damage    Failure   Level
 Sandblast                Erth           100%       2d20      0%          1
 Beastly Appendage        Tmut           100%       N/A       1%          1
 Necrotise                Necr           84%        1d8       1%          1
 Shock                    Conj/Air       100%       1d9       1%          1
 Cigotuvi's Dreadful Rot  Necr/Pois/Air  88%        N/A       1%          2
 Ensorcelled Hibernation  Hex/Ice        100%       N/A       1%          2
 Passwall                 Tmut/Erth      66%        N/A       1%          2
 Poisonous Vapours        Pois/Air       100%       N/A       1%          2
 Hailstorm                Conj/Ice       78%        3d16      1%          3
 Ignite Poison            Fire/Tmut/Pois 50%        N/A       1%          3
 Mephitic Cloud           Conj/Pois/Air  65%        N/A       1%          3
 Ozocubu's Armour         Ice            74%        N/A       1%          3
 Airstrike                Air            37%        2d(6-22)  1%          4
 Petrify                  Tmut/Erth      80%        N/A       1%          4
 Arcjolt                  Conj/Air       39%        1d49      1%          5
 Blade Hands              Tmut           38%        N/A       1%          5
 Summon Ice Beast         Ice/Summ       54%        N/A       2%          4
 Blink                    Tloc           42%        N/A       3%          2
 Fireball                 Conj/Fire      31%        3d13      3%          5
 Gell's Gravitas          Tloc           21%        N/A       6%          3
 Lesser Beckoning         Tloc           42%        N/A       6%          3
 Teleport Other           Tloc           21%        N/A       6%          3
 Vampiric Draining        Necr           21%        2d7       6%          3
 Alistair's Intoxication  Tmut/Pois      37%        N/A       6%          5
 Metabolic Englaciation   Hex/Ice        27%        N/A       7%          5
 Silence                  Hex/Air        27%        N/A       7%          5
 Starburst                Conj/Fire      31%        6d10      16%         6
 Dispel Undead            Necr           21%        3d11      21%         4
 Olgreb's Toxic Radiance  Pois           21%        N/A       21%         4
 Dragon Form              Tmut           38%        N/A       21%         7
 Storm Form               Tmut/Air       38%        N/A       24%         7
 Ozocubu's Refrigeration  Ice            37%        4d15      28%         7
 Eringya's Noxious Bog    Tmut/Pois      28%        N/A       32%         6
 Agony                    Necr           21%        N/A       50%         5
 Summon Forest            Summ/Tloc      10%        N/A       50%         5
 Summon Mana Viper        Hex/Summ       21%        N/A       50%         5
 Lehudib's Crystal Spear  Conj/Erth      41%        10d10     63%         8
 Death Channel            Necr           10%        N/A       97%         6
 Summon Cactus Giant      Summ           10%        N/A       97%         6
 Monstrous Menagerie      Summ           10%        N/A       100%        7
 Disjunction              Tloc           10%        N/A       100%        8
 Polar Vortex             Ice            37%        N/A       100%        9
 Animate Armour           Summ/Erth      Unusable   N/A       N/A         4
 Simulacrum               Ice/Necr       Unusable   N/A       N/A         6

Dungeon Overview and Level Annotations

Branches:
Dungeon (15/15) Zot: 26487  Temple (1/1) D:7 Zot: 5982    Lair (5/5) D:9 Zot: 11081
 Shoals (4/4) Lair:3 Zot: 23006  Spider (4/4) Lair:3 Zot: 14486   Slime (0/5) Lair:4
    Orc (2/2) D:12 Zot: 8562     Elf (0/3) Orc:2        Vaults (0/5) D:13
 Depths (0/4) D:15        Gauntlet (visited)

Altars:
Ashenzari
Cheibriados
Dithmenos
Elyvilon
Fedhas
Gozag
Hepliaklqana
Kikubaaqudgha
Makhleb
Nemelex Xobeh
Okawaru
Qazlal
Ru
Sif Muna
Trog
Uskayaw
Vehumet
Wu Jian
Xom
Yredelemnul
Zin
The Shining One
Lugonu

Shops:
D:2 :   D:3 (?[*[   D:8 :   Orc:1 (   Orc:2 ?![?(   Lair:3 =   Shoals:2 *
Shoals:3 (   Spider:3 :

Portals:
Abyss: Lair:5

Annotations:
D:1 2 transporters
D:4 exclusion: downstairs
D:8 exclusion: downstairs
D:13 3 runed translucent doors, Cife's ghost, journeyman HOFi
Lair:2 exclusion: oklob plant
Lair:4 exclusion: 2 oklob plants
Spider:3 1 runed translucent door, borntocrawl's ghost, adept HuTm


Innate Abilities, Weirdness & Mutations

You are a living statue of rough stone.
Your actions are slow, but your melee attacks are powerful.
You are resistant to unholy torment.
Your maximum health is greatly increased.
You are immune to poison.
You have sharp claws.
You have razor-sharp teeth.
You have supernaturally acute eyesight. (SInv)
((You cover ground quickly. (Speed+)))
((Your thick and shaggy fur keeps you warm. (AC +3, rC+)))
Your paws help you pounce on unaware monsters.
You are incapable of wielding weapons or throwing items.
You cannot wear armour.
You gain extra lives every three experience levels.
You have a pair of horns on your head.
You are clumsy. (Dex -2)
Your flesh is heat resistant. (rF+)


Message History

Confirm with . or Enter, or press ? or * to list all spells.
Aiming: Freezing Cloud (mildly dangerous; 1% risk of failure)
Press: ? - help, Dir - move target The satyr is engulfed in freezing vapours.
The satyr shoots an arrow.
The arrow hits you!
* * * LOW HITPOINT WARNING * * *
The sea snake is engulfed in freezing vapours.
The faun is engulfed in freezing vapours.
You kill the faun!
The satyr unwields a +0 club.
The satyr wields a +2 longbow of flaming.
It bursts into flame!
The satyr shoots an arrow.
The arrow hits you but does no damage.
The satyr shoots an arrow.
The arrow hits you!
* * * LOW HITPOINT WARNING * * *
You take 28 damage, and have 4/105 hp.
MASSIVE DAMAGE!!
You now have 14/33 mp. [a] - 506 gold - heal wounds, berserk rage, invisibility and might [b] - 420 gold - curing, magic and haste [c] - 364 gold - heal wounds, curing and berserk rage Purchase which effect?
You feel much better.
You feel better.
A red film seems to cover your vision as you go berserk!
You feel yourself moving faster!
You feel mighty!
The harpy is no longer distracted by gold.
The satyr shoots an arrow.
The arrow closely misses you. The minotaur misses you. x2
You hear a shout!
You now have 37/157 hp.
You feel a strong urge to attack something.
The satyr shoots an arrow.
The arrow completely misses you.
The satyr shoots an arrow.
The arrow barely misses you.
The sea snake is engulfed in freezing vapours.
The minotaur throws a silver javelin.
The silver javelin misses you.
You feel your anger nearly subside.
The minotaur throws a silver javelin.
The silver javelin pierces through you!!
* * * LOW HITPOINT WARNING * * *
The silver sears you!
You die...
Your body crumbles into a pile of gold.

~#*,,,,.c+~~....##,,,,,,,,,,,,,,~
.##,~,~..*~~~..~.#,,c.#~,.#*,*,**
..#*,..,**~~.#...#,...#,#.#,,~~,,
~~##.#######.#..~##+..##..~,,,,,,
.....~............8....8#cc,,,,,,
~~~~~~~~~~~~~~~~~~~~~°§~'HS,,,,,,
.............8.~..c..c.H#,,,,,,~,
..##..######.#)..#§§§.###,,,,,,,~
..#......#~)#)..8#§§§.#.###..,$,,
..#.~.~...~~.~)...S§§....~...*,**
..#.......~~..))##.$$)$......,,*~
.##......#~~~#####.$..#..####,,,~
..##....##~~~~#,,##H$##,.#* *,,,~
..###.#.##~~~##...........#**,,*~
~##"(...~~~~.###............,,,*~
..##.).#######...######.)..~.,,*~
~..##...## *..H#$*,,,,*##..,.,*,~


You could see a minotaur and a sea snake.

Vanquished Creatures
  Gastronok (D:9)
  Kirke (Spider:4)
  2 sphinxes (Shoals:4)
  Agnes (D:15)
  Roxanne (D:15)
  Aizul (Lair:3)
  13 emperor scorpions
  3 ghost moths
  2 broodmothers (Spider:4)
  A dire elephant (D:15)
  A minotaur (Gauntlet)
  6 merfolk impalers
  Josephine (Shoals:1)
  A merfolk javelineer (Shoals:3)
  3 entropy weavers
  The ghost of grizmgrazm2 the Martial Artist, a journeyman DjTm of Ashenzari (Lair:1)
  2 vault guards (D:13)
  8 hydras
  4 centaur warriors
  A catoblepas (Lair:5)
  A merfolk avatar (Shoals:1)
  A merfolk aquamancer (Shoals:4)
  6 satyrs
  Erica (Lair:1)
  7 boulder beetles
  20 death yaks
  A death knight (D:14)
  An alligator snapping turtle (Shoals:4)
  4 two-headed ogres
  3 radroaches
  A death scarab (Spider:4)
  3 tengu warriors (D:14)
  5 orc high priests (Orc:2)
  A vampire mage (D:13)
  3 thrashing horrors (Lair:5)
  Sonja (Lair:5)
  3 skeletal warriors (D:15)
  3 sea snakes (Shoals:1)
  6 pharaoh ants
  A sea snake (shapeshifter) (D:15)
  A deep troll (shapeshifter) (Gauntlet)
  4 orb spiders
  5 steelbarb worms
  2 necromancers (D:13)
  2 wizards
  2 harpies (Shoals:4)
  7 orc knights
  15 fauns
  6 cyclopes
  15 wolf spiders
  13 ugly things
  10 manticores
  A deep elf pyromancer (D:14)
  A salamander (D:15)
  5 elephants (Lair:3)
  A moth of wrath (Spider:4)
  6 water nymphs
  8 merfolk sirens
  2 smoke demons (Lair:5)
  4 black mambas
  A gargoyle (D:14)
  12 cane toads
  5 torpor snails
  4 rime drakes
  3 kobold demonologists
  A yaktaur (D:15)
  4 demonic crawlers
  An efreet (D:14)
  8 komodo dragons
  8 trolls
  An ancient zyme (Lair:5)
  A meliai (shapeshifter) (D:15)
  9 meliai
  30 merfolk
  19 tarantellas
  3 hornets (D:13)
  A hornet (shapeshifter) (Gauntlet)
  6 polar bears
  5 slime creatures
  18 blink frogs
  9 dream sheep
  11 snapping turtles
  8 wind drakes
  45 yaks
  19 jumping spiders
  2 shadows (D:9)
  5 wyverns
  2 centaur simulacra (D:13)
  8 wraiths
  2 water elementals
  14 culicivoras
  3 hogs (Spider:4)
  20 humans
  13 spriggans
  3 ynoxinuls
  8 basilisks
  A steam dragon (shapeshifter) (D:14)
  39 redbacks
  3 chaos spawn (Lair:5)
  13 small abominations (Lair:5)
  2 vampire mosquitoes (D:10)
  2 large abominations (Lair:5)
  4 wargs
  2 acid dragons (Gauntlet)
  12 water moccasins
  A sky beast (D:8)
  32 orc warriors
  A black bear (Lair:2)
  4 ice beasts
  3 boggarts (D:13)
  3 ogres
  5 wolves
  3 centaurs
  12 bullfrogs
  5 kobold brigands
  A scorpion (D:5)
  A gnoll sergeant (D:7)
  A necrophage (D:7)
  9 wights
  14 killer bees (D:7)
  9 howler monkeys
  8 electric eels
  8 hounds
  31 orc priests
  Jessica (D:2)
  19 orc wizards
  4 iguanas
  12 gnolls
  5 adders
  A shadow imp (D:8)
  4 white imps
  4 ufetubi
  3 dart slugs
  62 orcs
  4 endoplasms (D:1)
  2 giant cockroaches
  10 hobgoblins
  12 jackals
  21 kobolds
  6 quokkas
  9 ball pythons
  12 bats
  3 frilled lizards
  9 goblins
  4 rats
984 creatures vanquished.

Vanquished Creatures (collateral kills)
  Donald (Spider:3)
  A foxfire (Lair:3)
2 creatures vanquished.

Vanquished Creatures (others)
  A harpy (Shoals:4)
  A water elemental (Shoals:3)
  227 foxfires
  64 fungi
  117 plants
410 creatures vanquished.

Grand Total: 1396 creatures vanquished

Notes
Turn   | Place    | Note
-------+----------+-------------------------------------------
     0 | D:1      | 910rd the Felid Ice Elementalist began the quest for the
                  | Orb.
     0 | D:1      | Reached XP level 1. HP: 7/7 MP: 4/4
   160 | D:1      | Reached XP level 2. HP: 11/11 MP: 4/6
   667 | D:1      | Reached XP level 3. HP: 12/14 MP: 7/7
  1015 | D:2      | Noticed Jessica
  1036 | D:2      | Learned a level 3 spell: Frozen Ramparts
  1209 | D:2      | Found Qilian's Book Shoppe.
  1256 | D:2      | You fall into a shaft and drop 1 floor!
  1256 | D:3      | Found Orphoggurheu's Antique Armour Boutique.
  1363 | D:3      | Found Naunyelo's Antique Armour Emporium.
  1391 | D:3      | Found Ceidiq's Weapon Shop.
  1731 | D:2      | Killed Jessica
  1732 | D:2      | Reached skill level 5 in Ice Magic
  1732 | D:2      | Reached skill level 1 in Fighting
  1732 | D:2      | Reached XP level 4. HP: 10/19 MP: 2/8
  2119 | D:3      | Found Yppe's Assorted Antiques.
  2127 | D:3      | Bought a scroll labelled EHECIO REPIRIT for 19 gold pieces
  2127 | D:3      | Bought a scroll labelled MUHYDE SE JUMI for 19 gold pieces
  2127 | D:3      | Bought a scroll labelled XAUS NICE TOVY for 19 gold pieces
  2127 | D:3      | Bought a scroll labelled YPSIL VOODAOWK for 19 gold pieces
  2215 | D:3      | Reached skill level 2 in Fighting
  2397 | D:3      | Found Tiant's Magic Scroll Boutique.
  2706 | D:4      | Noticed an ogre
  2914 | D:5      | Entered Level 5 of the Dungeon
  2914 | D:5      | Noticed a centaur
  2984 | D:6      | Noticed an ice beast
  3019 | D:5      | Reached skill level 3 in Fighting
  3019 | D:5      | Reached XP level 5. HP: 19/24 MP: 2/9
  3189 | D:6      | Noticed an orc warrior
  3489 | D:6      | Found a hide-covered altar of Uskayaw.
  3654 | D:6      | Gained mutation: You are covered in thick fur. (AC +2)
                  | [Felid growth]
  3654 | D:6      | Reached XP level 6. HP: 28/28 MP: 6/10
  3687 | D:5      | Found an opulent altar of Gozag.
  3687 | D:5      | Found a shadowy altar of Dithmenos.
  3705 | D:5      | Became a worshipper of Gozag Ym Sagoz the Greedy
  4075 | D:4      | Identified the +6 whip "Mikhlyas" {flame, Fragile rF+
                  | Str+2}
  4358 | D:4      | Noticed a water moccasin
  4365 | D:4      | Killed a water moccasin
  4366 | D:4      | Reached XP level 7. HP: 31/31 MP: 7/14
  4406 | D:4      | Noticed a wyvern
  4412 | D:4      | Killed a wyvern
  4413 | D:4      | Reached skill level 4 in Fighting
  4548 | D:4      | Reached skill level 5 in Fighting
  5102 | D:5      | Reached skill level 5 in Dodging
  6393 | D:5      | Learned a level 1 spell: Foxfire
  6397 | D:5      | Learned a level 3 spell: Ozocubu's Armour
  6444 | D:6      | Reached XP level 8. HP: 28/37 MP: 10/15
  6893 | D:7      | Found a staircase to the Ecumenical Temple.
  6903 | Temple   | Entered the Ecumenical Temple
  7164 | D:7      | Reached skill level 1 in Conjurations
  7310 | D:7      | Reached skill level 1 in Fire Magic
  7540 | D:7      | Reached skill level 5 in Stealth
  7544 | D:7      | Reached skill level 1 in Evocations
  7557 | D:7      | Noticed a troll
  7648 | D:7      | Killed a troll
  7649 | D:7      | Reached skill level 6 in Fighting
  8299 | D:5      | Reached XP level 9. HP: 42/42 MP: 5/16
  8763 | D:3      | Found Orphoggurheu's Antique Armour Boutique.
  8910 | D:3      | Found Yppe's Assorted Antiques.
  8934 | D:3      | Found Naunyelo's Antique Armour Emporium.
  8955 | D:3      | Found Ceidiq's Weapon Shop.
  9406 | D:3      | Found Tiant's Magic Scroll Boutique.
 10389 | D:3      | Found Naunyelo's Antique Armour Emporium.
 10400 | D:3      | Found Ceidiq's Weapon Shop.
 10458 | D:3      | Found Orphoggurheu's Antique Armour Boutique.
 10609 | D:3      | Found Yppe's Assorted Antiques.
 10649 | D:3      | Found Tiant's Magic Scroll Boutique.
 11129 | D:7      | Reached skill level 7 in Fighting
 11444 | D:7      | Reached skill level 8 in Fighting
 11694 | D:7      | Reached skill level 5 in Spellcasting
 11703 | D:7      | HP: 2/44 [poisoned by a killer bee]
 12306 | D:8      | Found a shimmering altar of Xom.
 12485 | D:8      | Found a radiant altar of Vehumet.
 12845 | D:8      | Found a glowing silver altar of Zin.
 12876 | D:8      | Reached XP level 10. HP: 49/49 MP: 3/18
 13009 | D:8      | Found Todom's Book Emporium.
 13029 | D:8      | Bought a book of Geomancy for 252 gold pieces
 13137 | D:9      | Noticed a red ugly thing
 13137 | D:9      | Noticed a two-headed ogre
 13256 | D:9      | Reached skill level 1 in Earth Magic
 13789 | D:9      | Found an ornate altar of the Wu Jian Council.
 13944 | D:9      | Reached skill level 5 in Earth Magic
 14226 | D:9      | Learned a level 3 spell: Stone Arrow
 14659 | D:9      | Reached skill level 5 in Conjurations
 15249 | D:9      | Killed a red ugly thing
 15385 | D:9      | Found a staircase to the Lair.
 15422 | D:9      | Found a shimmering blue altar of Sif Muna.
 15432 | D:9      | Reached skill level 10 in Dodging
 15435 | D:9      | Got Sif Muna's Secrets of Toxicity
 15504 | D:9      | Reached skill level 9 in Fighting
 15537 | D:9      | Found a bloodstained altar of Trog.
 15629 | D:9      | Reached XP level 11. HP: 42/53 MP: 16/19
 16090 | D:9      | Killed a two-headed ogre
 16358 | D:2      | Bought the Papyrus of the Airy Geologist for 588 gold
                  | pieces
 16563 | Lair:1   | Entered Level 1 of the Lair of Beasts
 16797 | D:3      | Bought a golden ring for 95 gold pieces
 17014 | Lair:1   | Noticed Gastronok
 17137 | Lair:1   | Reached skill level 1 in Air Magic
 17587 | Lair:1   | Noticed Erica
 17639 | D:9      | Killed Gastronok
 17826 | Lair:1   | Reached skill level 5 in Air Magic
 18161 | Lair:1   | You fall into a shaft and drop 1 floor!
 18378 | Lair:2   | Identified the +9 mace "Ogreslayer" {vorpal, Int+3}
 18717 | Lair:1   | Found a runed translucent gate.
 18717 | Lair:1   | Found a runed translucent gate.
 18717 | Lair:1   | Found a runed translucent gate.
 18721 | Lair:1   | Noticed grizmgrazm2's ghost (journeyman DjTm)
 18728 | Lair:1   | Noticed a 12-headed hydra
 19294 | Lair:2   | Noticed a death yak
 19321 | Lair:2   | Found a burning altar of Makhleb.
 19322 | Lair:2   | Noticed an oklob plant
 19420 | Lair:2   | Noticed a six-headed hydra
 19429 | Lair:2   | Killed a six-headed hydra
 20348 | Lair:2   | Gained mutation: Your thick and shaggy fur keeps you warm.
                  | (AC +3, rC+) [Felid growth]
 20348 | Lair:2   | Reached XP level 12. HP: 36/58 MP: 9/20
 20619 | Lair:2   | Noticed a death yak
 20619 | Lair:2   | Noticed a death yak
 20619 | Lair:2   | Noticed a death yak
 20714 | Lair:2   | Killed a death yak
 21320 | Lair:2   | Killed a death yak
 21575 | Lair:3   | Found a staircase to the Shoals.
 22140 | Lair:3   | Found a hole to the Spider Nest.
 22283 | Lair:3   | Learned a level 5 spell: Arcjolt
 22603 | Lair:3   | Noticed a boulder beetle
 23160 | Lair:3   | Reached skill level 10 in Conjurations
 23979 | Lair:4   | Noticed a death yak
 23979 | Lair:4   | Noticed a death yak
 23979 | Lair:4   | Noticed a death yak
 24049 | Lair:4   | Noticed a death yak
 24768 | D:3      | Bought 2 scrolls of teleportation for 72 gold pieces
 24768 | D:3      | Bought a scroll of fog for 48 gold pieces
 25058 | Lair:4   | Noticed a death yak
 25377 | Lair:4   | Found a staircase to the Slime Pits.
 25557 | Lair:4   | Noticed a six-headed hydra
 25570 | Lair:4   | Killed a six-headed hydra
 25844 | Lair:4   | Killed a death yak
 25909 | Lair:4   | Killed a death yak
 25910 | Lair:4   | Reached XP level 13. HP: 44/61 MP: 0/25
 26816 | Lair:5   | Entered Level 5 of the Lair of Beasts
 27655 | Lair:5   | Noticed Sonja
 27661 | Lair:5   | Killed Sonja
 28219 | Lair:4   | Reached skill level 10 in Spellcasting
 28679 | Lair:5   | Reached skill level 10 in Air Magic
 28976 | Lair:5   | Reached skill level 10 in Fighting
 30342 | Lair:5   | Reached XP level 14. HP: 44/66 MP: 1/29
 30595 | Lair:5   | Found the +7 great mace "Undeadhunter" {disrupt, rN+}
 31237 | Lair:5   | Found a corrupted altar of Lugonu.
 31237 | Lair:5   | Found a one-way gate to the infinite horrors of the Abyss.
 32363 | Lair:3   | Found a hole to the Spider Nest.
 32866 | Lair:3   | Found a hole to the Spider Nest.
 34067 | Lair:2   | Found a burning altar of Makhleb.
 34437 | Lair:1   | Found a runed translucent gate.
 34437 | Lair:1   | Found a runed translucent gate.
 34437 | Lair:1   | Found a runed translucent gate.
 34877 | Lair:1   | Killed Erica
 35225 | Lair:1   | Killed grizmgrazm2's ghost
 35351 | D:10     | Entered Level 10 of the Dungeon
 36368 | D:10     | Found an iron altar of Okawaru.
 37800 | D:12     | Reached skill level 5 in Evocations
 37910 | D:12     | Found a portal to a secret trove of treasure.
 38058 | D:12     | Found a gate leading to a gauntlet.
 38067 | Gauntlet | Entered a Gauntlet
 38067 | Gauntlet | Found the +4 robe of Folly {Brilliance Will-∞ Int+8}
 38067 | Gauntlet | Found a transporter.
 38067 | Gauntlet | Found a transporter.
 38068 | Gauntlet | Found a transporter.
 38151 | Gauntlet | Found a transporter.
 38172 | Gauntlet | Found a transporter.
 38187 | Gauntlet | Found a transporter.
 38197 | Gauntlet | Found a transporter.
 38212 | Gauntlet | Found a transporter.
 38218 | Gauntlet | Found a transporter.
 38240 | Gauntlet | Found a transporter.
 38267 | Gauntlet | Found a transporter.
 38268 | Gauntlet | Found a transporter.
 38411 | Gauntlet | Identified the ring "Riytot" {Int+6 SInv}
 38586 | Gauntlet | Identified the +1 leather armour of Haon {Int+3}
 38879 | Gauntlet | Identified the +8 sling "Cat's Peril" {vorpal, Str+3 Int+2}
 39005 | Gauntlet | Identified the +0 scale mail "Roxkeir" {rPois Dex+2}
 39005 | Gauntlet | Identified the amulet "Xaxete Wemyg" {Faith -Tele rPois
                  | Int+7}
 39005 | Gauntlet | Identified the +3 arbalest of Relen {flame, Str+4}
 39006 | Gauntlet | Got Xeuqotab's Omnibus of the Frigorific Excursion
 39115 | D:12     | Found a staircase to the Orcish Mines.
 39363 | D:12     | Identified the +4 rapier "910rd's Bane" {drain, *Noise rF+
                  | Will+ SInv}
 39985 | D:12     | Reached skill level 10 in Earth Magic
 39991 | D:12     | Learned a level 5 spell: Freezing Cloud
 40683 | D:13     | Found a runed translucent gate.
 40683 | D:13     | Noticed a lich
 40683 | D:13     | Noticed a lich
 40685 | D:13     | Found a runed translucent gate.
 40685 | D:13     | Found a runed translucent gate.
 40685 | D:13     | Found an ancient bone altar of Kikubaaqudgha.
 40685 | D:13     | Noticed a lich
 40685 | D:13     | Noticed a lich
 40686 | D:13     | Noticed Cife's ghost (journeyman HOFi)
 40752 | Orc:1    | Entered Level 1 of the Orcish Mines
 41210 | Orc:2    | Entered Level 2 of the Orcish Mines
 41210 | Orc:2    | Found an iron altar of Okawaru.
 41651 | Orc:1    | Found Vyushrab's Weapon Shop.
 42296 | Orc:2    | Found Vezuig's Magic Scroll Emporium.
 42302 | Orc:2    | Bought a scroll of blinking for 90 gold pieces
 42586 | Orc:2    | Found a staircase to the Elven Halls.
 43242 | Orc:2    | Reached skill level 10 in Ice Magic
 44080 | Orc:2    | Reached XP level 15. HP: 61/69 MP: 19/30
 44564 | Orc:2    | Found Kaerogaf's Antique Armour Shoppe.
 44567 | Orc:2    | Found Weinnont's Magic Scroll Emporium.
 44568 | Orc:2    | Found Gankithi's Distillery.
 44569 | Orc:2    | Found Atohuedgha's Antique Weapon Shoppe.
 44573 | Orc:2    | Bought 3 scrolls of blinking for 315 gold pieces
 44573 | Orc:2    | Bought a scroll of fear for 56 gold pieces
 44573 | Orc:2    | Bought a scroll of teleportation for 42 gold pieces
 44811 | D:13     | Reached skill level 1 in Transmutations
 48188 | D:13     | Found a gate to the Vaults.
 49855 | D:15     | Entered Level 15 of the Dungeon
 50231 | D:15     | Got the Guidebook on the Virulent Voyage
 50694 | D:15     | Reached skill level 11 in Fighting
 51071 | D:15     | Noticed Agnes
 51079 | D:15     | Killed Agnes
 51204 | D:15     | Found a staircase to the Depths.
 51421 | D:15     | Upgraded the game from 0.30-a0-266-g2b27a225a3 to
                  | 0.30-a0-272-gf98c3da03f
 51428 | D:15     | Learned a level 6 spell: Iron Shot
 51691 | D:15     | Reached XP level 16. HP: 75/75 MP: 19/31
 51876 | D:15     | Identified Roxanne's Encyclopedia of Transfiguration
 51876 | D:15     | Noticed Roxanne
 52313 | D:2      | Bought a book of Party Tricks for 224 gold pieces
 52316 | D:2      | Learned a level 1 spell: Apportation
 52980 | Spider:1 | Entered Level 1 of the Spider Nest
 52983 | Spider:1 | Noticed Aizul
 53009 | Lair:3   | Killed Aizul
 53337 | Shoals:1 | Entered Level 1 of the Shoals
 53339 | Shoals:1 | Noticed Josephine
 53572 | Lair:3   | Learned a level 4 spell: Ice Form
 54652 | Spider:3 | Reached skill level 5 in Transmutations
 55046 | Spider:4 | Entered Level 4 of the Spider Nest
 55268 | Spider:3 | Reached skill level 12 in Fighting
 58001 | D:12     | You paid a toll of 7 scrolls of fear to enter a treasure
                  | trove
 58002 | Trove    | Entered a treasure trove
 58028 | Trove    | Identified the ring "Fumowkir" {rF- Will+ Str+5 Int+6}
 59106 | Spider:3 | Found a runed translucent door.
 59109 | Spider:3 | Noticed borntocrawl's ghost (adept HuTm)
 59408 | Spider:3 | Noticed Donald
 59946 | Spider:3 | Killed Donald
 60702 | Spider:4 | Noticed Kirke
 60711 | Spider:4 | Killed Kirke
 60992 | Lair:3   | Bought a ring of magical power for 320 gold pieces
 62698 | Spider:4 | Reached XP level 17. HP: 35/81 MP: 31/34
 62699 | Spider:4 | Reached skill level 13 in Fighting
 65372 | Shoals:1 | Killed from afar by Josephine
 65373 | Shoals:1 | Reached XP level 16. HP: -3/85 MP: 39/42
 65636 | Spider:4 | Reached skill level 14 in Fighting
 65848 | Spider:4 | Got a gossamer rune of Zot
 65874 | Spider:4 | Identified the +2 pair of boots "Kessik" {Int+4 Slay+2}
 66049 | Lair:3   | Learned a level 5 spell: Irradiate
 66062 | Shoals:1 | Killed Josephine
 67090 | Shoals:2 | Found Vapic's Gadget Gallery.
 67094 | Shoals:2 | Bought a wand of light (6) for 453 gold pieces
 67094 | Shoals:2 | Bought a box of beasts for 720 gold pieces
 67803 | Shoals:3 | HP: 4/96 [faun/+0 spear (18)]
 67809 | Shoals:2 | Gained mutation: Your spells are a little easier to cast,
                  | but a little less powerful. [mutagenic glow]
 67880 | Shoals:2 | Gained mutation: You are vulnerable to heat. (rF-)
                  | [mutagenic glow]
 68082 | Shoals:4 | Entered Level 4 of the Shoals
 68602 | Shoals:4 | Noticed a sphinx
 68602 | Shoals:4 | Noticed a sphinx
 68606 | Shoals:4 | Killed a sphinx
 68607 | Shoals:4 | Reached skill level 15 in Fighting
 68612 | Shoals:4 | Killed a sphinx
 68633 | Shoals:4 | Got Gifeon's Encyclopedia of Pestilent Shapeshifting
 68636 | Shoals:4 | Got a barnacled rune of Zot
 69223 | D:15     | Killed from afar by Roxanne
 69224 | D:15     | Reached XP level 15. HP: -7/92 MP: 31/41
 69339 | D:15     | Killed Roxanne
 69429 | D:15     | Lost mutation: Your spells are a little easier to cast, but
                  | a little less powerful. [potion of mutation]
 69429 | D:15     | Lost mutation: You are vulnerable to heat. (rF-) [potion of
                  | mutation]
 69429 | D:15     | Gained mutation: You are weak. (Str -2) [potion of
                  | mutation]
 69429 | D:15     | Gained mutation: Your natural rate of healing is unusually
                  | fast. [potion of mutation]
 69542 | D:15     | Learned a level 6 spell: Statue Form
 70214 | Shoals:1 | Lost mutation: Your natural rate of healing is unusually
                  | fast. [potion of mutation]
 70214 | Shoals:1 | Lost mutation: You are weak. (Str -2) [potion of mutation]
 70214 | Shoals:1 | Gained mutation: You have a pair of small horns on your
                  | head. [potion of mutation]
 70214 | Shoals:1 | Gained mutation: Your flesh is heat resistant. (rF+)
                  | [potion of mutation]
 70214 | Shoals:1 | Gained mutation: You are clumsy. (Dex -2) [potion of
                  | mutation]
 70214 | Shoals:1 | Gained mutation: You have a pair of horns on your head.
                  | [potion of mutation]
 70378 | Shoals:1 | Upgraded the game from 0.30-a0-272-gf98c3da03f to
                  | 0.30-a0-279-g4b46babb21
 70384 | Shoals:1 | Learned a level 3 spell: Swiftness
 70651 | Shoals:2 | Reached skill level 1 in Unarmed Combat
 71407 | Shoals:3 | Found Epebb's Antique Weapon Shoppe.
 71765 | Shoals:3 | Reached XP level 16. HP: 81/81 MP: 23/33
 72161 | Shoals:4 | Identified the amulet of Nahuudin {Faith Dex+3}
 72214 | Shoals:4 | Reached skill level 10 in Transmutations
 72352 | Shoals:4 | HP: 4/105 [satyr/arrow (13)]
 72356 | Shoals:4 | Hit by a silver javelin thrown by a minotaur

Illustrated notes

Levels and vault maps discovered:
D:1:      spicycebolla_arrival_transporter_tutorial, layout_loops_ring
D:2:      layout_rooms, serial_shops, nicolae_shop_trees, corexii_shack,
          uniq_jessica
D:3:      layout_basic, serial_shops, nicolae_shop_window_shopping, shop, shop,
          shop, nicolae_shop_waterfront, hex_large, minivault_24
D:4:      layout_cave_pods, minmay_manual_mullet
D:5:      layout_loops_corners, nicolae_overflow_hidden_temple, corexii_shack,
          minmay_misc_feat_pillars, roderic_batcave
D:6:      layout_basic, kennysheep_mini_moat
D:7:      layout_basic, minmay_temple_entry_trees, corexii_leaking_fountain,
          minmay_microvault
D:8:      layout_loops_ring, mainiacjoe_overflow_cross_hatched,
          lemuel_crystal_altar, zin_statuary, serial_shops,
          nicolae_diamond_shop, grunt_ministairs_2, kennysheep_nub
D:9:      layout_small_grid, nzn_overflow_gifts_of_might_and_magic,
          lemuel_round_altar, erik_lair_island, chequers_arboretum
D:10:     layout_grid_maze, nicolae_overflow_crystal_walls
D:11:     layout_cave_pools
D:12:     layout_long_grid, david_orc_4, gauntlet_entry_generic,
          nicolae_trove_entry_free_sample
D:13:     kb_forest_paths, layout_long_grid, grunt_vaults_entry_tiered,
          gammafunk_ghost_crypt, serial_ice, serial_ice_h, serial_ice_d,
          serial_ice_k, serial_ice_o, nzn_life_drinkers
D:14:     layout_roguey
D:15:     hangedman_depths_entry_try_elsewhere_first, layout_rooms,
          minmay_door_square, uniq_agnes, uniq_roxanne
Temple:   hellmonk_temple_two_chambers
Lair:1:   layout_regular_city, gammafunk_ghost_hydra_chop,
          infiniplex_staircase_pool, uniq_erica, uniq_gastronok
Lair:2:   layout_concentric_octagons, lemuel_oklob_altar
Lair:3:   layout_misc_corridors, elwin_shoals_entry_rooms,
          spider_nest_entry_web_field, grunt_forest_small_clearing_treed
Lair:4:   layout_regular_city, minmay_slime_entry_oklob_open, grunt_megastairs_4
Lair:5:   hellmonk_lair_end_abyssal_woods, layout_regular_city,
          chequers_serial_rivers_micro_e, uniq_sonja
Shoals:1: layout_shoals, uniq_josephine
Shoals:2: layout_shoals, nicolae_shop_gadgets
Shoals:3: layout_shoals, serial_shops, nicolae_shop_stone
Shoals:4: shoals_end_hellmonk_lost_city
Spider:1: layout_spider_delve, drop_trap, uniq_aizul
Spider:2: layout_spider_delve, nicolae_spider_webs_and_nodes
Spider:3: layout_spider_delve, ebering_ghost_inner_flame, uniq_donald
Spider:4: grunt_spider_rune_circles, nicolae_spider_scorpion_nest, uniq_kirke
Orc:1:    layout_diamond_mine, serial_shops, shop
Orc:2:    st_orc_pillars, layout_diamond_mine, serial_shops,
          nicolae_shop_behind_doors, okawaru_metal_pillars_1_2

Skill      XL: |  1  2  3  4  5  6  7  8  9 10 11 12 13 14 15 16 17 |
---------------+----------------------------------------------------+-----
Ice Magic      | 4 5 6 7 10 | 10.0
Fighting       | 1 3 5 6 8 9 10 11 15 13 | 15.0
Spellcasting   | 4 5 7 10 12 | 12.0
Dodging        | 7 8 10 12 14 | 14.0
Stealth        | 3 5 |  5.0
Conjurations   | 3 4 6 8 10 12 | 12.3
Fire Magic     | 2 |  2.0
Evocations     | 2 3 5 6 |  6.0
Earth Magic    | 6 7 10 12 | 12.3
Air Magic      | 6 8 10 | 10.0
Transmutations | 9 10 | 10.8
Unarmed Combat | 1 |  1.9

Action                   |  1- 3 |  4- 6 |  7- 9 | 10-12 | 13-15 | 16-18 || total
-------------------------+-------+-------+-------+-------+-------+-------++-------
Melee: Unarmed           |    52 |    33 |    69 |    97 |    68 |    32 ||   351
       Bite              |     6 |     2 |    11 |    22 |    12 |     1 ||    54
       Punch             |     1 |     1 |     1 |       |     3 |     1 ||     7
       Headbutt          |       |       |       |       |     2 |       ||     2
 Cast: Freeze            |    49 |    63 |    90 |   137 |     3 |     1 ||   343
       Frozen Ramparts   |     2 |    10 |    35 |    72 |    28 |     9 ||   156
       Foxfire           |       |       |    35 |    74 |    30 |     5 ||   144
       Ozocubu's Armour  |       |       |     5 |    38 |     6 |     8 ||    57
       Stone Arrow       |       |       |       |   150 |   662 |   354 ||  1166
       Arcjolt           |       |       |       |     5 |   103 |    95 ||   203
       Freezing Cloud    |       |       |       |       |   119 |   118 ||   237
       Statue Form       |       |       |       |       |    24 |     9 ||    33
       Iron Shot         |       |       |       |       |     7 |    23 ||    30
       Apportation       |       |       |       |       |     5 |    48 ||    53
       Ice Form          |       |       |       |       |     3 |   126 ||   129
       Swiftness         |       |       |       |       |     2 |     3 ||     5
       Irradiate         |       |       |       |       |       |     8 ||     8
Invok: Potion Petition   |       |       |       |       |       |     8 ||     8
       Call Merchant     |       |       |       |       |       |     2 ||     2
Evoke: Wand              |       |       |       |    10 |    15 |    25 ||    50
       Phial of floods   |       |       |       |       |     1 |     1 ||     2
       Box of beasts     |       |       |       |       |     1 |       ||     1
       Lightning rod     |       |       |       |       |       |     4 ||     4
       Phantom mirror    |       |       |       |       |       |     2 ||     2
       Condenser vane    |       |       |       |       |       |     1 ||     1
  Use: Scroll            |       |    12 |     5 |     6 |     9 |    11 ||    43
       Potion            |       |       |       |     1 |     6 |    10 ||    17
 Stab: Sleeping          |     1 |     1 |       |       |       |       ||     2
       Invisible         |       |       |       |     1 |     1 |       ||     2
       Distracted        |       |       |       |       |     1 |       ||     1
Armor: Skin              |     4 |     8 |     6 |    27 |   117 |   270 ||   432
Dodge: Dodged            |    74 |    90 |   218 |   389 |   659 |   714 ||  2144

Table legend: (Time is in decaauts)
 A = Elapsed time spent in this place.
 B = Non-inter-level travel time spent in this place.
 C = Inter-level travel time spent in this place.
 D = Time resting spent in this place.
 E = Time spent auto-exploring this place.
 F = Levels seen in this place.
 G = Mean time per level.
                   A        B        C        D        E       F      G
               +--------+--------+--------+--------+--------+-----+--------+
         Total |  66995 |  61356 |   5639 |  21607 |  26823 |  33 | 2030.2 |
       Dungeon |  28151 |  24486 |   3665 |   6815 |  12638 |  15 | 1876.7 |
        Temple |     17 |     17 |      0 |      0 |      8 |   1 |   17.0 |
          Lair |  18918 |  17594 |   1324 |   6584 |   7926 |   5 | 3783.6 |
        Shoals |   5997 |   5881 |    116 |   2120 |   1994 |   4 | 1499.2 |
   Spider Nest |   9514 |   9036 |    478 |   4428 |   2509 |   4 | 2378.5 |
  Orcish Mines |   3438 |   3384 |     54 |   1178 |   1558 |   2 | 1719.0 |
         Trove |     42 |     42 |      0 |      0 |      0 |   1 |   42.0 |
      Gauntlet |    914 |    914 |      0 |    479 |    188 |   1 |  914.0 |
               +--------+--------+--------+--------+--------+-----+--------+

Top non-repeatable levels by time:
  Lair:3: 6056 daAuts
  Lair:1: 3806 daAuts
    D:13: 3536 daAuts
Spider:4: 3462 daAuts
  Lair:5: 3145 daAuts
  Lair:4: 3086 daAuts
     D:9: 2886 daAuts
  Lair:2: 2824 daAuts
     D:4: 2679 daAuts
   Orc:2: 2507 daAuts
    D:15: 2431 daAuts
    D:12: 2214 daAuts
Spider:3: 2197 daAuts
     D:5: 2190 daAuts
Spider:2: 2143 daAuts
